 Dungeon Crawl Stone Soup version 0.31-a0-875-g02e7d12df6 (webtiles) character file.

Game seed: 721150609225899741

1678 MachoJfn the Cleaver (level 9, 0/68 HPs)
             Began as a Formicid Fighter on Oct 11, 2023.
             Was an Initiate of Dithmenos.
             Slain by a manticore (1 damage)
             ... on level 6 of the Dungeon on Oct 12, 2023.
             The game lasted 00:14:52 (5388 turns).

MachoJfn the Cleaver (Formicid Fighter)             Turns: 5388, Time: 00:14:53

Health: 0/68       AC: 15    Str: 29    XL:     9   Next: 21%
Magic:  9/9        EV: 11    Int:  9    God:    Dithmenos [......]
Gold:   281        SH:  0    Dex: 13    Spells: 8/8 levels left

rFire   . . .        h - +12 war axe of Qetiomegg {heavy, rPois Str+5}
rCold   + + .        (no shield)
rNeg    . . .        d - +0 swamp dragon scales
rPois   +            (helmet unavailable)
rElec   +            (no cloak)
rCorr   .            k - +2 pair of gloves
SInv    +            o - +2 pair of boots of Grace {-Cast rElec rC++}
Will    .....        c - amulet of faith
Stlth   +            (no ring)
HPRegen 0.31/turn    j - ring of poison resistance
MPRegen 0.11/turn

%: no spellcasting, clarity, faith
@: no status effects
A: permanent stasis, dig shafts and tunnels, antennae 3, four strong arms,
clarity, inability to drink after injury 1
a: Dig, Shaft Self, Renounce Religion


You were on level 6 of the Dungeon.
You worshipped Dithmenos.
Dithmenos was noncommittal.
You visited 1 branch of the dungeon, and saw 6 of its levels.

You collected 281 gold pieces.

Inventory:

Hand Weapons
 a - a +1 war axe
 h - the +12 war axe of Qetiomegg (weapon) {heavy, rPois Str+5}
   (You found it on level 4 of the Dungeon)

   Str+5:     It affects your strength (+5).
   rPois:     It protects you from poison
Missiles
 i - 50 stones
 n - 5 boomerangs
 p - 4 javelins
Armour
 d - +0 swamp dragon scales (worn)
 k - a +2 pair of gloves (worn)
 o - the +2 pair of boots of Grace (worn) {-Cast rElec rC++}
   (You found it on level 4 of the Dungeon)

   rC++:      It greatly protects you from cold.
   rElec:     It insulates you from electricity.
   -Cast:     It prevents spellcasting.
Jewellery
 c - an amulet of faith (around neck)
 j - a ring of poison resistance (right hand)
 r - an amulet of regeneration
Scrolls
 e - 3 scrolls of identify
 f - a scroll of fog {unknown}
 l - a scroll of fear {unknown}
 q - a scroll of enchant weapon
Potions
 g - 3 potions of curing
 m - a potion of brilliance


   Skills:
 + Level 5.2 Fighting
 * Level 9.0 Axes
 + Level 6.7 Armour
 + Level 1.6 Dodging
 - Level 4.0 Shields


You had 8 spell levels left.
You didn't know any spells.
Your spell library contained the following spells:

 Spells                   Type           Power      Damage    Failure   Level
 Freeze                   Ice            0%         1d3       50%         1
 Frozen Ramparts          Ice            0%         1d1       86%         3
 Gell's Gravitas          Tloc           0%         N/A       86%         3
 Hailstorm                Conj/Ice       0%         3d3       86%         3
 Teleport Other           Tloc           0%         N/A       86%         3
 Dispersal                Tloc           0%         N/A       100%        6


Dungeon Overview and Level Annotations

Branches:
Dungeon (6/15)
 Temple: D:4-7

Altars:
Dithmenos
Elyvilon
Hepliaklqana
Nemelex Xobeh
Ru
Trog
Wu Jian

Shops:
D:3 !


Innate Abilities, Weirdness & Mutations

You cannot be hasted, slowed, berserked, paralysed or teleported.
You can dig through walls and to a lower floor.
You have a pair of large antennae on your head. (SInv)
Your four strong arms can wield two-handed weapons with a shield.
You possess an exceptional clarity of mind.
You occasionally lose the ability to drink potions when taking damage.


Message History

Your life force feels restored.
Your Axes skill increases to level 9!
You see here a scorpion corpse.
Found a scroll of blinking.
A manticore comes into view.
The manticore closely misses you. The manticore claws you.
The manticore barely misses you.
You closely miss the manticore.
The manticore bites you but does no damage.
The manticore claws you. The manticore barely misses you. x3
The manticore claws you but does no damage.
You hit the manticore.
The manticore is lightly wounded.
The manticore barely misses you. x2
The manticore claws you but does no damage.
You barely miss the manticore.
The manticore is lightly wounded.
The manticore bites you!
The manticore claws you but does no damage.
The manticore claws you.
The manticore bites you but does no damage.
The manticore claws you!
The manticore claws you but does no damage.
You slash the manticore!
The manticore is lightly wounded.
The manticore bites you but does no damage.
The manticore claws you but does no damage. x2
You barely miss the manticore.
The manticore is lightly wounded.
The manticore completely misses you. The manticore claws you.
The manticore claws you! The manticore bites you. The manticore claws you!
* * * LOW HITPOINT WARNING * * *
The manticore claws you but does no damage.
You slice the manticore!!
The manticore is almost dead.
You hear an angry hiss.
The manticore barely misses you. x3; The manticore bites you!
* * * LOW HITPOINT WARNING * * *
The manticore completely misses you. The manticore claws you.
You die...

#.... #......#.. #....#
#......#.. . ...#
#......#.. ..##
#.########...)....
.....##......###.....###
......................#
.....##..........†....#
......................#
......H@..............#
.....###..............#
...?..................#
.#.?.#####............#
#. #............#
............# ......
..... ####


You could see a manticore.

Vanquished Creatures
  Pikel (D:6)
  Maggie (D:6)
  An ice beast (D:5)
  An ogre (D:5)
  Blork the orc (D:5)
  4 scorpions
  3 wights (D:6)
  2 hounds
  A jelly (D:5)
  An orc wizard (D:3)
  8 adders
  An ufetubus (D:4)
  3 dart slugs
  8 orcs
  7 endoplasms
  7 giant cockroaches
  9 hobgoblins
  8 jackals
  10 kobolds
  3 quokkas
  2 ball pythons (D:2)
  2 bats (D:1)
  2 frilled lizards (D:1)
  4 goblins
  5 rats
95 creatures vanquished.

Notes
Turn   | Place    | Note
-------+----------+-------------------------------------------
     0 | D:1      | MachoJfn the Formicid Fighter began the quest for the Orb.
     0 | D:1      | Reached XP level 1. HP: 18/18 MP: 1/1
   194 | D:1      | Upgraded the game from 0.31-a0-868-g674d60d6f7 to
                  | 0.31-a0-875-g02e7d12df6
   269 | D:1      | Reached XP level 2. HP: 18/24 MP: 2/2
   432 | D:1      | Reached XP level 3. HP: 26/29 MP: 3/3
  1020 | D:1      | Reached skill level 3 in Axes
  1431 | D:2      | Gained mutation: You occasionally lose the ability to drink
                  | potions when taking damage. [potion of mutation]
  1431 | D:2      | Gained mutation: You possess an exceptional clarity of
                  | mind. [potion of mutation]
  1647 | D:2      | Reached XP level 4. HP: 37/37 MP: 4/4
  2103 | D:3      | Noticed a scorpion
  2111 | D:3      | Killed a scorpion
  2112 | D:3      | Reached skill level 4 in Axes
  2112 | D:3      | Reached XP level 5. HP: 27/42 MP: 5/5
  2684 | D:3      | Reached XP level 6. HP: 48/48 MP: 6/6
  2722 | D:3      | Found Cuffed's Distillery.
  3053 | D:4      | Reached skill level 5 in Axes
  3455 | D:4      | Identified the +2 pair of boots of Grace {-Cast rElec rC++}
  3511 | D:4      | Identified the +12 war axe of Qetiomegg {heavy, rPois
                  | Str+5}
  4018 | D:5      | Entered Level 5 of the Dungeon
  4158 | D:5      | Noticed an ogre
  4163 | D:5      | Killed an ogre
  4164 | D:5      | Reached XP level 7. HP: 49/54 MP: 7/7
  4233 | D:5      | Noticed Blork the orc
  4237 | D:5      | Killed Blork the orc
  4238 | D:5      | Reached skill level 6 in Axes
  4238 | D:5      | Reached skill level 1 in Dodging
  4357 | D:5      | Found a sparkling altar of Nemelex Xobeh.
  4384 | D:5      | Reached skill level 5 in Armour
  4814 | D:6      | Noticed Pikel
  4818 | D:6      | Killed Pikel
  4819 | D:6      | Reached skill level 7 in Axes
  4819 | D:6      | Reached XP level 8. HP: 50/61 MP: 8/8
  4898 | D:6      | Found a bloodstained altar of Trog.
  4899 | D:6      | Found a hazy altar of Hepliaklqana.
  4900 | D:6      | Found a shadowy altar of Dithmenos.
  4900 | D:6      | Noticed Maggie
  4905 | D:6      | Killed Maggie
  4906 | D:6      | Reached skill level 5 in Fighting
  4906 | D:6      | Reached skill level 8 in Axes
  4906 | D:6      | Reached XP level 9. HP: 36/68 MP: 9/9
  4914 | D:6      | Found an ornate altar of the Wu Jian Council.
  5188 | D:6      | Found a white marble altar of Elyvilon.
  5188 | D:6      | Found a sacrificial altar of Ru.
  5191 | D:6      | Became a worshipper of Dithmenos the Shadowed
  5358 | D:6      | Reached skill level 9 in Axes
  5376 | D:6      | Noticed a manticore
  5388 | D:6      | HP: 1/68 [manticore (17)]
  5388 | D:6      | Slain by a manticore

Illustrated notes

Levels and vault maps discovered:
D:1:      sevenhm_arrival_forest_fort_large_4, layout_basic, minmay_crystal_room
D:2:      layout_basic, guppyfry_early_lair_pool
D:3:      layout_basic, serial_shops, nicolae_shop_behind_doors
D:4:      layout_gridville
D:5:      layout_basic, nemelex_spade_bored_becter, uniq_blork_the_orc
D:6:      layout_basic, grunt_temple_overflow_open, uniq_grinder, uniq_pikel,
          uniq_maggie, uniq_duvessa

Skill      XL: |  1  2  3  4  5  6  7  8  9 |
---------------+----------------------------+-----
Axes           | 3 4 5 7 8 9 |  9.0
Armour         | 4 6 |  6.7
Fighting       | 4 5 |  5.2
Dodging        | 1 |  1.6
Shields        | |  4.0

Action                     |  1- 3 |  4- 6 |  7- 9 || total
---------------------------+-------+-------+-------++-------
  Melee: War axe           |    83 |   131 |    37 ||   251
         Punch             |       |       |     1 ||     1
Ability: Dig               |       |     1 |       ||     1
    Use: Scroll            |     6 |     2 |       ||     8
         Potion            |     6 |       |     2 ||     8
 Armour: Scale mail        |    72 |   112 |    26 ||   210
         Swamp dragon scal |       |       |    28 ||    28
  Dodge: Dodged            |    41 |    73 |    37 ||   151

Table legend: (Time is in decaauts)
 A = Elapsed time spent in this place.
 B = Non-inter-level travel time spent in this place.
 C = Inter-level travel time spent in this place.
 D = Time resting spent in this place.
 E = Time spent auto-exploring this place.
 F = Levels seen in this place.
 G = Mean time per level.
                   A        B        C        D        E       F      G
               +--------+--------+--------+--------+--------+-----+--------+
         Total |   5482 |   5037 |    445 |    471 |   3451 |   6 |  913.7 |
       Dungeon |   5482 |   5037 |    445 |    471 |   3451 |   6 |  913.7 |
               +--------+--------+--------+--------+--------+-----+--------+

Top non-repeatable levels by time:
     D:1: 1214 daAuts
     D:3: 1059 daAuts
     D:4: 987 daAuts
     D:2: 818 daAuts
     D:5: 814 daAuts
     D:6: 588 daAuts
